 Dungeon Crawl Stone Soup version 0.28.0-45-g0d030f2227 (webtiles) character file.

Game seed: 7085039287135279797

2 Geneticservant the Caller (level 1, 0/10 HPs)
             Began as a Tengu Summoner on Apr 5, 2022.
             Slain by a hobgoblin (2 damage)
             ... on level 1 of the Dungeon.
             The game lasted 00:04:35 (93 turns).

Geneticservant the Caller (Tengu Summoner)            Turns: 93, Time: 00:04:35

Health: 0/10       AC:  2    Str:  8    XL:     1   Next: 40%
Magic:  3/4        EV: 12    Int: 15    God:
Gold:   0          SH:  0    Dex: 14    Spells: 3/4 levels left

rFire   . . .      SeeInvis .   (no weapon)
rCold   . . .      Faith    .   (no shield)
rNeg    . . .      Spirit   .   a - +0 robe
rPois   .          Reflect  .   (helmet restricted)
rElec   .          Harm     .   (no cloak)
rCorr   .          Rampage  .   (no gloves)
Will    .....                   (boots unavailable)
Stlth   ++........              (no amulet)
HPRegen 0.03/turn               (no ring)
MPRegen 0.09/turn               (no ring)

@: no status effects
A: beak, talons 3
a: no special abilities


You were on level 1 of the Dungeon.
You visited 1 branch of the dungeon, and saw 1 of its levels.

Inventory:

Armour
 a - a +0 robe (worn)
Scrolls
 b - a scroll of magic mapping {unknown}
Potions
 c - a potion of curing {unknown}
 d - a potion of degeneration {unknown}


   Skills:
 * Level 2.2 Dodging
 * Level 2.0 Stealth
 * Level 2.0 Spellcasting
 + Level 4.9 Summonings


You had 3 spell levels left.
You knew the following spells:

 Your Spells              Type           Power      Damage    Failure   Level
a - Summon Small Mammal   Summ           64%        N/A       3%          1

Your spell library contained the following spells:

 Spells                   Type           Power      Damage    Failure   Level
 Call Imp                 Summ           16%        N/A       4%          2
 Call Canine Familiar     Summ           16%        N/A       9%          3
 Summon Guardian Golem    Hex/Summ       8%         N/A       24%         3
 Blink                    Tloc           2%         N/A       32%         2
 Lesser Beckoning         Tloc           1%         N/A       54%         3
 Summon Lightning Spire   Summ/Air       8%         N/A       63%         4
 Manifold Assault         Tloc           1%         N/A       99%         5


Dungeon Overview and Level Annotations

Branches:
Dungeon (1/15)

Altars:


Innate Abilities, Weirdness & Mutations

You have a beak for a mouth.
You have claws for feet.


Message History

Your quokka barely misses the giant cockroach.
Your quokka completely misses the giant cockroach.
The giant cockroach bites your quokka.
Your quokka bites the giant cockroach but does no damage.
Your quokka closely misses the giant cockroach.
The giant cockroach closely misses your quokka.
Your quokka bites the giant cockroach.
The giant cockroach dies!
You swap places.
A ball python comes into view.
Found a faded altar of an unknown god.
You see here a giant cockroach corpse.
A hobgoblin and a dart slug come into view.
The hobgoblin shouts!
The ball python hisses angrily.
Casting: Summon Small Mammal (safe; 3% risk of failure)
Confirm with . or Enter, or press ? or * to list all spells.
You don't know that spell.
Casting: Summon Small Mammal (safe; 3% risk of failure)
Confirm with . or Enter, or press ? or * to list all spells.
Your quokka disappears in a puff of smoke!
The hobgoblin barely misses your rat.
You swap places.
Something hits your rat.
Your rat dies!
Your rat's corpse disappears in a puff of smoke!
You see here a giant cockroach corpse.
The ball python bites your quokka.
The ball python barely misses your quokka.
The ball python bites your quokka. The ball python grabs your quokka.
The ball python constricts your quokka.
Your quokka misses the hobgoblin.
The hobgoblin hits your quokka but does no damage.
The ball python bites your quokka.
Your quokka dies!
Your quokka's corpse disappears in a puff of smoke!
The dart slug launches a dart at you. The slug dart hits you.
* * * LOW HITPOINT WARNING * * *
Casting: Summon Small Mammal (safe; 3% risk of failure)
Confirm with . or Enter, or press ? or * to list all spells.
The hobgoblin hits you.
You die...

......§ #.≈.#≈≈≈≈≈..≈≈≈≈≈#
......w##.≈.#≈..........≈#
........†.≈.#≈.########.≈#
.......##w≈.#≈..........≈#
....... #.S8#≈≈≈≈≈..≈≈≈≈≈#
#⌠._.⌠#
#.≈.######''######. #.....
#b≈..8..8....8..8.. #⌠...⌠
#g≈≈≈≈≈≈≈≈..≈≈≈≈≈≈≈ #.##.
#.@..†..#...####### #. ..
##......#.### #.###....#
...# #...## #.#### ###.#
.. ..# . ... ...


You could see a dart slug, a hobgoblin (ally target), a ball python and a
friendly bat (summoned).

Vanquished Creatures (collateral kills)
  A giant cockroach (D:1)
  A quokka (D:1)
2 creatures vanquished.

Notes
Turn   | Place    | Note
-------+----------+-------------------------------------------
     0 | D:1      | Geneticservant the Tengu Summoner began the quest for the
                  | Orb.
     0 | D:1      | Reached XP level 1. HP: 10/10 MP: 4/4
    80 | D:1      | Found a faded altar of an unknown god.
    93 | D:1      | Slain by a hobgoblin

Illustrated notes

Levels and vault maps discovered:
D:1:      lightli_arrival_isolated_outpost, layout_basic,
          hellmonk_ecumenical_altar_run_dry

Action                   || total
-------------------------++-------
 Cast: Summon Small Mamm ||     4
Dodge: Dodged            ||     2
